 Dungeon Crawl Stone Soup version 0.26-a0-520-g952f204493 (webtiles) character file.

Game seed: 14125957465747214754

73 MrRokkomies the Stinger (level 3, -12/26 HPs)
             Began as a Demigod Venom Mage on Aug 12, 2020.
             Mangled by Sigmund
             ... wielding a +2 scythe of venom
              (13 damage)
             ... on level 2 of the Dungeon.
             The game lasted 00:04:12 (2114 turns).

MrRokkomies the Stinger (Demigod Venom Mage)        Turns: 2114, Time: 00:04:14

Health: -12/26     AC:  5    Str: 10 (11) XL:     3   Next: 83%
Magic:  1/8        EV: 13    Int: 18 (21) God:
Gold:   55         SH:  0    Dex: 19 (22) Spells: 3/6 levels left

rFire    + . .     SeeInvis .   l - +2 short sword (speed)
rCold    + . .     Faith    .   (no shield)
rNeg     . . .     Spirit   .   a - +0 robe
rPois    +         Reflect  .   f - +2 helmet
rElec    +         Harm     .   (no cloak)
rCorr    +                      (no gloves)
MR       .....                  (no boots)
Stlth    ++........             (no amulet)
HPRegen  0.08/turn              h - +6 ring of dexterity
MPRegen  0.11/turn              (no ring)

@: lethally poisoned (-12 -> -16), resistant, flying
A: high mp 1
a: no special abilities


You were on level 2 of the Dungeon.
You visited 1 branch of the dungeon, and saw 2 of its levels.

You collected 55 gold pieces.

Inventory:

Hand Weapons
 b - a +0 short sword
 l - a +2 short sword of speed (weapon)
Missiles
 g - 2 boomerangs (quivered)
Armour
 a - a +0 robe (worn)
 f - a +2 helmet (worn)
 i - a +2 hat
Jewellery
 h - a +6 ring of dexterity (left hand)
Scrolls
 m - a scroll of remove curse


   Skills:
 * Level 2.6 Dodging
 - Level 1.7 Stealth
 + Level 2.1 Spellcasting
 + Level 1.5 Transmutations
 * Level 3.4 Poison Magic


You had 3 spell levels left.
You knew the following spells:

 Your Spells              Type           Power        Failure   Level
a - Sting                 Tmut/Pois      ##..         6%          1
b - Poisonous Vapours     Pois/Air       #.....       13%         2

Your spell library contained the following spells:

 Spells                   Type           Power        Failure   Level
 Ignite Poison            Fire/Tmut/Pois #.......     26%         3
 Mephitic Cloud           Conj/Pois/Air  #.......     32%         3
 Olgreb's Toxic Radiance  Pois           ##......     38%         4


Dungeon Overview and Level Annotations

Branches:
Dungeon (2/15)

Annotations:
D:2 Sigmund


Innate Abilities, Weirdness & Mutations

You have an increased reservoir of magic. (+10% MP)


Message History

You feel sick.
As you read the scroll labeled EXZIENLOMO, it crumbles to dust.
It is a scroll of enchant armour.
Your +1 hat glows green for a moment.
There is a lethal amount of poison in your body!
* * * LOW HITPOINT WARNING * * *
You feel sick.
You hear some strange, mumbled words.
A puff of flame appears from out of thin air!
The puff of flame misses you.
Casting: Poisonous Vapours (safe; 13% risk of failure)
Confirm with . or Enter, or press ? or * to list all spells.
Aiming: Sting (safe; 6% risk of failure)
Press: ? - help, Shift-Dir - straight line, f - frilled lizard
Aim: a frilled lizard The sting hits the frilled lizard.
The frilled lizard is poisoned.
You kill the frilled lizard!
Something hits you!
Ouch! That really hurt!
You die...

###### ###########
.....# #.........#
####.# #.#######.#
.# #.# #.# #@#
.###.###.# #.#
.........# #{#
..##.###.# #†#
.###.#*#.# #.#
##*#..,..#######.#
.,,...*#.....l...#
#**##.*###.#.#####
** *.#,,,..,*


There were no monsters in sight!

Vanquished Creatures
  Robin (D:2)
  An adder (D:2)
  2 worms (D:2)
  2 dart slugs (D:1)
  A leopard gecko (D:1)
  A giant cockroach (D:1)
  12 goblins
  A hobgoblin (D:1)
  4 jackals (D:2)
  A quokka (D:2)
  3 bats (D:1)
  5 frilled lizards
  3 kobolds
  4 rats
41 creatures vanquished.

Notes
Turn   | Place    | Note
-------+----------+-------------------------------------------
     0 | D:1      | MrRokkomies the Demigod Venom Mage began the quest for the
                  | Orb.
     0 | D:1      | Reached XP level 1. HP: 14/14 MP: 5/5
   179 | D:1      | Reached skill level 1 in Transmutations
   440 | D:1      | Reached XP level 2. HP: 20/20 MP: 7/7
   503 | D:1      | Reached skill level 3 in Poison Magic
   871 | D:2      | Learned a level 2 spell: Poisonous Vapours
  1186 | D:2      | Reached XP level 3. HP: 19/26 MP: 1/8
  1534 | D:2      | Found a shadowy altar of Dithmenos.
  1559 | D:2      | Noticed Robin
  1563 | D:2      | Killed Robin
  2092 | D:2      | Noticed Sigmund
  2112 | D:2      | HP: 1/26 [poisoned by Sigmund]
  2114 | D:2      | Mangled by Sigmund

Illustrated notes

Levels and vault maps discovered:
D:1:      tarquinn_simple_flora_water_f, layout_basic
D:2:      layout_loops_corners, grunt_dithmenos_smoke_and_mirrors, uniq_sigmund,
          uniq_robin

Skill      XL: |  1  2 |
---------------+-------+-----
Transmutations | 1 |  1.5
Dodging        | 2 |  2.6
Poison Magic   | 3 |  3.4
Spellcasting   | 2 |  2.1
Stealth        | |  1.7

Action                   || total
-------------------------++-------
Melee: Short sword       ||    92
       Unarmed           ||     6
 Cast: Sting             ||    37
       Poisonous Vapours ||     6
  Use: Scroll            ||     4
       Potion            ||     3
 Stab: Sleeping          ||     2
Armor: Robe              ||    23
Dodge: Dodged            ||    80

Table legend: (Time is in decaauts)
 A = Elapsed time spent in this place.
 B = Non-inter-level travel time spent in this place.
 C = Inter-level travel time spent in this place.
 D = Time resting spent in this place.
 E = Time spent auto-exploring this place.
 F = Levels seen in this place.
 G = Mean time per level.
                   A        B        C        D        E       F      G
               +--------+--------+--------+--------+--------+-----+--------+
         Total |   2121 |   2096 |     25 |    171 |   1548 |   2 | 1060.5 |
       Dungeon |   2121 |   2096 |     25 |    171 |   1548 |   2 | 1060.5 |
               +--------+--------+--------+--------+--------+-----+--------+

Top non-repeatable levels by time:
     D:2: 1252 daAuts
     D:1: 869 daAuts
